Map: Year Zero LE

Players

Lambo

  • Race: Zerg Zerg
  • Spawn Location: 11:00

PtitDrogo - Winner!

  • Race: Protoss Protoss
  • League: Master
  • Spawn Location: 1:00

Event: 2019 WCS Winter Europe

VOD

Have the link to the VOD?

Description

Time

  • Played on: April 7, 2019, 12:39 p.m.
  • Length: 14:27

All games in this series

Show
View Real Time Build Order
Export as new Build Order

Lambo Zerg 

Build Orders: Hatch First, Swarm Host 

Get SALT Encoding   

  12  0:00  Drone  
  13  0:13  Overlord  
  13  0:18  Drone  
  14  0:31  Drone x2  
  16  0:49  Hatchery  
  15  0:52  Drone  
  15  0:56  Drone  
  17  0:59  Drone  
  18  1:10  Extractor  
  17  1:14  Spawning Pool  
  17  1:18  Drone  
  17  1:21  Drone  
  18  1:28  Drone  
  19  1:40  Drone  
  20  1:52  Overlord  
  21  2:01  Zergling x2  
  21  2:02  Queen x2  
  21  2:03  Drone  
  26  2:11  Metabolic Boost  
  26  2:12  Drone  
  26  2:13  Drone  
  28  2:22  Drone  
  29  2:25  Drone  
  30  2:37  Hatchery  
  30  2:38  Drone  
  30  2:42  Drone  
  31  2:46  Drone  
  31  2:48  Overlord  
  32  2:56  Zergling x2  
  32  2:57  Drone  
  34  3:00  Queen  
  36  3:07  Drone x2  
  36  3:10  Drone  
  36  3:11  Drone  
  36  3:12  Drone x2  
  42  3:14  Zergling x2  
  43  3:20  Drone  
  43  3:25  Overlord  
  44  3:29  Lair  
  44  3:36  Overlord  
  44  3:38  Overlord  
  44  3:40  Overlord  
  44  3:44  Queen  
  44  3:45  Drone x2  
  48  3:49  Drone x2  
  48  3:51  Drone  
  48  3:55  Drone x2  
  53  3:57  Drone  
  53  4:01  Drone  
  52  4:06  Spore Crawler  
  52  4:07  Drone  
  52  4:11  Spore Crawler  
  52  4:15  Spore Crawler  
  52  4:16  Drone  
  52  4:21  Zergling x4  
  52  4:22  Drone  
  52  4:23  Drone x2  
  57  4:25  Drone  
  57  4:26  Drone x2  
  59  4:34  Drone  
  59  4:35  Drone  
  61  4:38  Drone  
  61  4:41  Queen  
  61  4:42  Drone  
  65  4:46  Drone  
  65  4:47  Drone x2  
  65  4:49  Spore Crawler  
  65  4:51  Drone x2  
  69  4:53  Drone x2  
  69  4:58  Extractor, Drone x2  
  69  4:59  Extractor  
  71  5:01  Drone x2  
  71  5:06  Extractor  
  71  5:08  Drone x2  
  71  5:09  Overlord, Drone  
  71  5:10  Overseer, Drone  
  71  5:11  Drone  
  70  5:21  Drone x2  
  70  5:22  Infestation Pit  
  70  5:25  Drone x3  
  70  5:27  Drone  
  75  5:31  Extractor x2  
  75  5:32  Drone x2  
  75  5:34  Roach Warren  
  75  5:35  Drone  
  75  5:41  Drone  
  75  5:42  Drone  
  77  5:44  Queen  
  77  5:45  Drone  
  82  5:51  Overlord  
  82  5:52  Overseer  
  82  6:01  Overlord  
  82  6:02  Overlord  
  80  6:05  Nydus Network  
  80  6:07  Overlord  
  80  6:08  Swarm Host x3  
  88  6:11  Overlord  
  88  6:13  Overlord  
  88  6:14  Overlord  
  88  6:16  Overlord  
  88  6:20  Swarm Host x3  
  94  6:26  Swarm Host  
  94  6:27  Swarm Host  
  96  6:33  Swarm Host x2  
  96  6:39  Swarm Host  
  105  6:43  Nydus Canal  
  105  6:53  Swarm Host  
  105  6:54  Swarm Host x2  
  105  6:57  Zergling x2  
  105  6:58  Zergling x6, Nydus Canal  
  105  7:00  Roach  
  105  7:01  Roach  
  122  7:03  Overlord  
  122  7:05  Swarm Host  
  124  7:12  Overlord, Nydus Canal  
  124  7:13  Swarm Host  
  127  7:17  Swarm Host  
  129  7:22  Swarm Host  
  129  7:27  Swarm Host  
  135  7:32  Nydus Canal  
  135  7:34  Swarm Host  
  135  7:36  Zergling x2  
  135  7:37  Roach, Zergling x4  
  141  7:40  Zergling x12  
  141  7:41  Zergling x2  
  150  7:44  Swarm Host  
  150  7:46  Nydus Canal  
  150  7:51  Swarm Host  
  152  8:01  Swarm Host x2, Nydus Canal  
  152  8:03  Zergling x4  
  157  8:06  Swarm Host  
  157  8:12  Swarm Host  
  158  8:16  Swarm Host  
  158  8:19  Zergling x4  
  161  8:22  Nydus Canal  
  161  8:23  Swarm Host  
  161  8:36  Overlord, Spine Crawler x3  
  161  8:38  Hatchery  
  157  8:42  Overlord, Nydus Canal  
  157  8:44  Overlord  
  157  8:45  Overlord  
  157  8:46  Roach x2  
  157  8:47  Overlord  
  161  8:54  Roach x2  
  157  8:56  Roach  
  157  8:59  Roach  
  157  9:01  Swarm Host  
  153  9:07  Roach  
  153  9:08  Roach  
  151  9:12  Roach  
  152  9:20  Roach  
  152  9:22  Roach  
  156  9:28  Roach  
  156  9:35  Ravager  
  156  9:38  Roach  
  159  9:47  Roach x2  
  162  9:55  Roach x2  
  162  9:59  Roach x2  
  168  10:13  Roach x4  
  173  10:20  Glial Reconstitution  
  171  10:22  Roach  
  169  10:32  Roach x2  
  167  10:37  Roach  
  167  10:39  Overseer  
  167  10:40  Ravager  
  170  10:44  Roach x2  
  170  10:49  Overseer  
  174  10:54  Roach  
  176  11:14  Hatchery  
  176  11:17  Ravager x4  
  176  11:18  Ravager  
  180  11:28  Queen  
  162  11:41  Roach x2  
  166  11:57  Nydus Canal  
  166  12:04  Pneumatized Carapace  
  166  12:08  Zergling x6  
  169  12:22  Roach  
  169  12:30  Queen  
  167  12:38  Overseer  
  167  12:40  Roach x3  
  167  12:42  Roach  
  170  12:45  Nydus Canal  
  170  12:51  Queen  
  167  12:57  Overseer x2  
  169  13:06  Queen  
  171  13:13  Spore Crawler  
  171  13:15  Spore Crawler  
  171  13:17  Spore Crawler  
  171  13:18  Roach  
  159  13:26  Queen, Overseer  
  138  13:46  Queen  
  137  13:51  Nydus Canal  
  129  13:56  Roach  
Show
View Real Time Build Order
Export as new Build Order

PtitDrogo Protoss - Winner!

Build Orders: 1 Gate Expand, Oracle Opening, Archon Immortal 

Get SALT Encoding   

  12  0:00  Probe  
  13  0:12  Probe  
  14  0:20  Pylon  
  14  0:24  Probe  
  15  0:29  Assimilator  
  15  0:35  Probe  
  16  0:43  Probe  
  16  0:44  Gateway  
  17  0:52  Probe  
  18  1:04  Probe  
  19  1:16  Probe  
  20  1:25  Nexus  
  20  1:34  Cybernetics Core  
  20  1:38  Probe  
  21  1:43  Assimilator  
  21  1:50  Probe  
  21  1:53  Pylon  
  22  2:01  Adept  
  22  2:02  Probe  
  25  2:16  Stargate  
  25  2:17  Probe  
  25  2:20  Warp Gate  
  26  2:27  Pylon  
  26  2:34  Stalker  
  26  2:36  Probe x2  
  28  2:44  Probe x2  
  32  2:53  Probe  
  32  2:54  Probe  
  32  2:55  Oracle  
  34  3:05  Probe  
  38  3:07  Probe  
  39  3:13  Pylon  
  39  3:17  Probe  
  39  3:19  Probe  
  41  3:22  Oracle  
  41  3:29  Probe  
  41  3:31  Assimilator  
  41  3:32  Probe  
  46  3:34  Assimilator  
  46  3:41  Probe  
  46  3:43  Gateway  
  46  3:45  Pylon  
  47  3:49  Probe  
  47  3:53  Probe  
  49  3:55  Oracle  
  49  4:01  Probe  
  50  4:06  Probe  
  50  4:08  Zealot  
  56  4:12  Robotics Facility  
  56  4:13  Probe  
  56  4:14  Pylon  
  57  4:18  Probe  
  58  4:25  Pylon  
  58  4:26  Probe  
  58  4:30  Probe  
  60  4:36  Nexus  
  60  4:38  Probe  
  61  4:41  Sentry  
  63  4:50  Probe, Gateway x2  
  64  4:53  Probe  
  64  4:54  Observer  
  66  5:02  Probe  
  66  5:05  Probe  
  68  5:14  Probe  
  68  5:17  Probe  
  68  5:18  Phoenix  
  68  5:20  Immortal, Twilight Council, Forge  
  70  5:27  Probe  
  77  5:29  Probe  
  77  5:35  Pylon  
  78  5:47  Probe x3  
  81  5:55  Probe  
  78  5:58  Charge  
  78  5:59  Probe  
  78  6:00  Probe  
  78  6:01  Templar Archives, Warp Prism  
  78  6:04  Probe  
  83  6:06  Pylon  
  83  6:08  Assimilator  
  83  6:10  Zealot  
  86  6:11  Assimilator  
  86  6:12  Protoss Ground Weapons Level 1, Probe x2  
  86  6:13  Pylon  
  86  6:16  Probe  
  89  6:24  Probe  
  90  6:33  Probe x2  
  90  6:36  Immortal  
  92  6:40  Gateway x2  
  92  6:42  Gateway  
  92  6:43  Gateway  
  92  6:45  Pylon  
  96  6:49  Zealot x3  
  102  7:00  Gateway  
  102  7:01  Gateway  
  102  7:08  Stalker  
  104  7:10  Stalker x3  
  104  7:11  Photon Cannon, Shield Battery  
  110  7:29  Immortal  
  108  7:33  Probe  
  101  7:37  High Templar x8  
  101  7:41  Archon x2  
  101  7:42  Archon  
  115  7:45  Archon  
  113  7:59  Probe  
  110  8:06  Probe  
  110  8:09  Zealot x6  
  110  8:10  Zealot  
  111  8:15  Zealot x3  
  111  8:16  Zealot x5  
  111  8:17  Probe  
  111  8:18  Probe  
  111  8:19  Protoss Ground Weapons Level 2  
  125  8:24  Pylon  
  125  8:26  Pylon  
  125  8:30  Pylon x2  
  125  8:31  Pylon  
  125  8:32  Pylon  
  125  8:38  Photon Cannon  
  125  8:40  Pylon  
  125  8:42  Immortal, Probe, Pylon  
  125  8:44  Dark Shrine  
  130  8:52  Zealot x8  
  133  9:14  Zealot x7  
  131  9:18  Probe  
  131  9:21  Gateway  
  131  9:23  Gateway  
  126  9:29  Immortal  
  126  9:30  Psionic Storm  
  128  9:34  High Templar x4  
  128  9:35  High Templar x3  
  138  9:39  Archon x3  
  128  9:53  Pylon  
  124  10:01  Immortal, Probe  
  119  10:09  Zealot x5  
  119  10:10  Zealot x2  
  119  10:11  Probe  
  138  10:14  Void Ray  
  138  10:15  Photon Cannon  
  138  10:16  Photon Cannon  
  138  10:20  Probe  
  131  10:29  Dark Templar  
  131  10:30  Dark Templar  
  131  10:36  Dark Templar x2  
  135  10:43  Void Ray  
  135  10:44  Dark Templar  
  101  10:57  High Templar  
  101  10:58  Zealot  
  101  11:01  Photon Cannon  
  109  11:16  Dark Templar x4  
  117  11:28  Probe  
  118  11:35  Void Ray  
  118  11:54  High Templar  
  118  11:55  Zealot x4, High Templar x2  
  132  12:08  Nexus  
  132  12:10  Pylon  
  132  12:14  Assimilator  
  132  12:18  Probe  
  129  12:24  Void Ray  
  129  12:26  Zealot x4  
  129  12:27  Dark Templar  
  129  12:28  Zealot x2  
  138  12:34  Probe  
  123  12:38  Probe  
  116  12:46  Probe  
  115  12:59  Assimilator  
  115  13:01  High Templar  
  115  13:02  Zealot x3, High Templar  
  115  13:03  Void Ray  
  129  13:13  Zealot  
  127  13:33  Zealot x3  
  127  13:34  Zealot x3  
  124  13:36  Probe  
  114  13:47  Probe  
  114  13:52  Probe  
  115  13:58  Zealot x5  
Tags
 
Add a new tag
Caveats
  • Supply blocks, unpowered buildings, or Contaminate may cause inaccurate times.
  • Supply counts are checked every 10 seconds.